 Dungeon Crawl Stone Soup version 0.29.1-2-gbd0b4ee654 (webtiles) character file.

Game seed: 5353410902691159474

4706 Linkola the Basher (level 10, -32/84 HPs)
             Began as a Minotaur Fighter on Nov 3, 2022.
             Was a Priest of Wu Jian.
             Annihilated by an orc knight
             ... wielding a +0 glaive
              (40 damage)
             ... in a bailey.
             The game lasted 00:18:28 (7021 turns).

Linkola the Basher (Minotaur Fighter)               Turns: 7021, Time: 00:18:29

Health: -32/84     AC: 22    Str: 24    XL:     10   Next: 21%
Magic:  8/8        EV: 16    Int:  7    God:    Wu Jian [***...]
Gold:   516        SH:  5    Dex: 11    Spells: 9/9 levels left

rFire   . . .      SeeInvis .   t - +7 flail (protect)
rCold   . . .      Faith    .   c - +0 buckler
rNeg    . . .      Spirit   .   x - +3 ring mail "Faaddapp" {rCorr Int+2 Slay+5}
rPois   .          Reflect  .   (helmet restricted)
rElec   .          Harm     .   (no cloak)
rCorr   +          Rampage  .   y - +0 pair of gloves
Will    .....                   (no boots)
Stlth   +.........              g - amulet of the acrobat
HPRegen 0.24/turn               a - +4 ring of protection
MPRegen 0.11/turn               r - +4 ring of evasion

@: under a protective aura, unable to drink
A: horns 2, retaliatory headbutt, low MP 1, inability to drink after injury 1
a: Renounce Religion, Wall Jump, Serpent's Lash


You were in a bailey.
You worshipped Wu Jian.
Wu Jian was most pleased with you.
You visited 2 branches of the dungeon, and saw 9 of its levels.
You also visited: Bailey.

You collected 516 gold pieces.

Inventory:

Hand Weapons
 t - a +7 flail of protection (weapon)
Missiles
 b - 6 boomerangs (quivered)
 e - 62 stones
 n - 5 curare-tipped darts
 w - 4 atropa-tipped darts
 B - a throwing net
Armour
 c - a +0 buckler (worn)
 x - the +3 ring mail "Faaddapp" (worn) {rCorr Int+2 Slay+5}
   (You found it on level 7 of the Dungeon)

   Int:       It affects your intelligence (+2).
   Slay:      It affects your accuracy & damage with ranged weapons and melee
   (+5).
   rCorr:     It protects you from acid and corrosion.
 y - a +0 pair of gloves (worn)
Jewellery
 a - a +4 ring of protection (left hand)
 g - an amulet of the acrobat (around neck)
 i - a ring of see invisible
 r - a +4 ring of evasion (right hand)
Wands
 m - a wand of iceblast (10)
 s - a wand of quicksilver (7)
Scrolls
 k - a scroll of teleportation
 l - 2 scrolls of poison
 o - a scroll of identify
 q - a scroll of fear
 u - a scroll of fog
 v - a scroll of blinking
 A - a scroll of magic mapping
Potions
 d - 4 potions of might
 f - 7 potions of flight
 h - 4 potions of heal wounds
 j - 2 potions of ambrosia
 z - 3 potions of magic
 C - 2 potions of cancellation {unknown}


   Skills:
 + Level 6.8 Fighting
 + Level 10.9 Maces & Flails
 * Level 7.0 Throwing
 + Level 7.4 Armour
 + Level 5.4 Dodging
 + Level 6.1 Shields


You had 9 spell levels left.
You didn't know any spells.
Your spell library contained the following spells:

 Spells                   Type           Power      Damage    Failure   Level
 Sandblast                Erth           0%         2d4       65%         1
 Ensorcelled Hibernation  Hex/Ice        0%         N/A       78%         2
 Passwall                 Tmut/Erth      0%         N/A       78%         2
 Conjure Flame            Conj/Fire      0%         6-21      95%         3
 Dazzling Flash           Conj/Hex       0%         N/A       95%         3
 Gell's Gravitas          Tloc           0%         N/A       95%         3
 Ignite Poison            Fire/Tmut/Pois 0%         N/A       95%         3
 Lesser Beckoning         Tloc           0%         N/A       95%         3
 Spider Form              Tmut/Pois      0%         N/A       95%         3
 Stone Arrow              Conj/Erth      0%         3d7       95%         3
 Teleport Other           Tloc           0%         N/A       95%         3
 Anguish                  Hex/Necr       0%         N/A       100%        4
 Hailstorm                Conj/Ice       0%         3d3       100%        4
 Ice Form                 Ice/Tmut       0%         N/A       100%        4
 Sticky Flame             Conj/Fire      0%         2d3       100%        4
 Agony                    Necr           0%         N/A       100%        5
 Silence                  Hex/Air        0%         N/A       100%        5
 Simulacrum               Ice/Necr       0%         N/A       100%        6


Dungeon Overview and Level Annotations

Branches:
Dungeon (8/15)             Temple (1/1) D:5          Bailey (1/1)
   Lair: D:8-11

Altars:
Ashenzari
Cheibriados
Elyvilon
Fedhas
Gozag
Hepliaklqana
Kikubaaqudgha
Makhleb
Okawaru
Ru
Uskayaw
Vehumet
Wu Jian
Xom
Yredelemnul

Shops:
D:6 *


Innate Abilities, Weirdness & Mutations

You have a pair of horns on your head.
You reflexively headbutt those who attack you in melee.
Your magical capacity is low. (-10% MP)
You occasionally lose the ability to drink potions when taking damage.


Message History

You spin and attack the orc knight.
You hit the orc knight but do no damage.
The orc knight closely misses you. You furiously retaliate!
You headbutt the orc knight. You block the orc knight's attack.
You spin and attack the orc knight.
You hit the orc knight.
The orc knight is heavily wounded.
You spin and attack the orc knight.
You hit the orc knight.
The orc knight is lightly wounded.
The orc knight hits you with a +0 glaive!!
The orc knight barely misses you.
The orc knight suddenly curses.
Items here: )) [ †.
The orc knight completely misses you. x2
You see here a +0 hand axe.
You lunge at the orc warrior.
You thump the orc warrior!
The orc warrior is moderately wounded.
The orc knight misses you. The orc warrior barely misses you.
The orc knight hits you from afar with a +0 glaive.
The orc knight hits you from afar with a +0 halberd!
You see here a +0 hand axe.
You spin and attack the orc warrior.
You barely miss the orc warrior.
The orc warrior is moderately wounded.
The orc knight hits you from afar with a +0 glaive!!
* * * LOW HITPOINT WARNING * * *
The orc knight hits you from afar with a +0 halberd!
* * * LOW HITPOINT WARNING * * *
You hit the orc warrior. You headbutt the orc warrior.
The orc warrior is severely wounded.
The orc warrior barely misses you. You furiously retaliate!
You headbutt the orc warrior.
The orc knight hits you from afar with a +0 glaive.
* * * LOW HITPOINT WARNING * * *
The orc knight barely misses you. You block the orc knight's attack.
You sock the orc warrior!
You kill the orc warrior!
The Council accepts your kill. The orc knight closely misses you.
The orc knight misses you.
The orc knight hits you from afar with a +0 glaive!!!
You feel threatened and lose the ability to drink potions!
You die...

####### ####### #########
##.)...#########.....###........
##.))....#.....#..o....'.........
.#).##...'.....'))#....'.......??
.'))8....'...!.'@)oo...'.......o?
.#.)##...'...!.'.)#.((.'.......??
##.......#.....#..o....'.....o...
##.....#########.....###........
####### ####### #########


You could see 3 orc knights and an orc warrior (strong).

Vanquished Creatures
  A two-headed ogre (D:8)
  An orc knight (Bailey)
  A steam dragon (D:8)
  Edmund (D:6)
  2 water moccasins
  2 black bears
  2 ice beasts
  7 orc warriors (Bailey)
  3 ogres
  A phantom (D:5)
  5 bullfrogs
  A kobold brigand (D:6)
  A gnoll sergeant (D:8)
  A scorpion (D:5)
  8 wights
  A howler monkey (D:8)
  2 jellies (D:4)
  5 hounds
  A gnoll bouda (D:7)
  5 orc priests
  2 iguanas (D:6)
  6 orc wizards
  9 gnolls
  8 adders
  2 shadow imps
  5 white imps
  An ufetubus (D:5)
  2 worms
  3 dart slugs
  44 orcs
  6 bats
  8 endoplasms
  3 giant cockroaches
  6 hobgoblins
  2 jackals (D:3)
  2 quokkas
  7 ball pythons
  4 frilled lizards
  11 goblins
  11 kobolds
  9 rats
202 creatures vanquished.

Notes
Turn   | Place    | Note
-------+----------+-------------------------------------------
     0 | D:1      | Linkola the Minotaur Fighter began the quest for the Orb.
     0 | D:1      | Reached XP level 1. HP: 19/19 MP: 0/0
    99 | D:1      | Reached XP level 2. HP: 27/27 MP: 1/1
   678 | D:1      | Found a faded altar of an unknown god.
   717 | D:2      | Reached XP level 3. HP: 33/33 MP: 2/2
   782 | D:2      | Reached skill level 1 in Throwing
  1027 | D:2      | Reached skill level 3 in Maces & Flails
  1396 | D:2      | Gained mutation: Your magical capacity is low. (-10% MP)
                  | [potion of mutation]
  1396 | D:2      | Gained mutation: You occasionally lose the ability to drink
                  | potions when taking damage. [potion of mutation]
  1493 | D:2      | Reached XP level 4. HP: 36/40 MP: 2/2
  1807 | D:3      | Identified the +1 ring mail of Duck's Teeth {Regen+}
  2000 | D:3      | Reached skill level 1 in Dodging
  2411 | D:4      | Reached XP level 5. HP: 42/46 MP: 3/3
  2475 | D:4      | Reached skill level 4 in Maces & Flails
  2528 | D:4      | Reached skill level 5 in Armour
  2534 | D:4      | Reached XP level 6. HP: 51/53 MP: 4/4
  2726 | D:4      | Found a shimmering altar of Xom.
  2726 | D:4      | Found a white marble altar of Elyvilon.
  3069 | D:4      | Reached skill level 5 in Maces & Flails
  3266 | D:5      | Entered Level 5 of the Dungeon
  3299 | D:5      | Noticed a water moccasin
  3312 | D:5      | Killed a water moccasin
  3391 | D:5      | Found a staircase to the Ecumenical Temple.
  3402 | Temple   | Entered the Ecumenical Temple
  3465 | Temple   | Became a worshipper of the Wu Jian Council
  3752 | D:5      | Reached XP level 7. HP: 59/60 MP: 5/5
  3896 | D:5      | Found a blossoming altar of Fedhas.
  4149 | D:6      | Noticed Edmund
  4167 | D:6      | Killed Edmund
  4168 | D:6      | Reached skill level 6 in Maces & Flails
  4297 | D:6      | Found Cowivant's General Store.
  4313 | D:6      | Reached skill level 5 in Fighting
  4313 | D:6      | Reached XP level 8. HP: 68/68 MP: 6/6
  4388 | D:6      | Reached * piety under Wu Jian
  4398 | D:6      | Reached skill level 7 in Maces & Flails
  4735 | D:6      | Reached skill level 5 in Throwing
  4775 | D:6      | You fall into a shaft and drop 1 floor!
  4829 | D:6      | Reached skill level 5 in Shields
  5149 | D:7      | Reached skill level 8 in Maces & Flails
  5265 | D:7      | Reached XP level 9. HP: 74/74 MP: 7/7
  5295 | D:7      | Identified the +3 ring mail "Faaddapp" {rCorr Int+2 Slay+5}
  5509 | D:7      | Reached skill level 9 in Maces & Flails
  5513 | D:7      | Reached ** piety under Wu Jian
  5838 | D:8      | Noticed a two-headed ogre
  5846 | D:8      | Killed a two-headed ogre
  5990 | D:8      | Reached skill level 10 in Maces & Flails
  6131 | D:8      | Reached skill level 5 in Dodging
  6150 | D:8      | Found a flagged portal.
  6170 | Bailey   | Entered a bailey
  6393 | Bailey   | Reached XP level 10. HP: 84/84 MP: 8/8
  6481 | Bailey   | Noticed an orc knight
  6485 | Bailey   | Noticed an orc knight
  6487 | Bailey   | Reached *** piety under Wu Jian
  6501 | Bailey   | Noticed an orc knight
  6506 | Bailey   | Noticed an orc knight
  6771 | Bailey   | Killed an orc knight
  7021 | Bailey   | Annihilated by an orc knight

Illustrated notes

Levels and vault maps discovered:
D:1:      saegor_arrival_simple_a, layout_basic,
          dilly_ecumenical_altar_fadedgnrine, hangedman_abyss_or_decor_stabs,
          nicolae_eternal_life
D:2:      layout_basic
D:3:      layout_basic
D:4:      layout_basic, gammafunk_temple_overflow_statue
D:5:      layout_basic, mainiacjoe_overflow_24_doors, temple_green
D:6:      layout_gridville, nicolae_take_the_stairs, uniq_edmund
D:7:      layout_loops_ring
D:8:      layout_gridville, enter_bailey_5, minivault_23, kennysheep_diamond
Temple:   nicolae_temple_bog_church
Bailey:   bailey_polearm_5, bailey

Skill      XL: |  1  2  3  4  5  6  7  8  9 10 |
---------------+-------------------------------+-----
Armour         | 4 5 6 7 |  7.4
Fighting       | 4 5 6 |  6.8
Throwing       | 1 2 3 4 5 6 7 |  7.0
Maces & Flails | 3 4 5 6 8 10 | 10.9
Shields        | 4 5 6 |  6.1
Dodging        | 1 2 4 5 |  5.4

Action                   |  1- 3 |  4- 6 |  7- 9 | 10-12 || total
-------------------------+-------+-------+-------+-------++-------
Melee: Flail             |    76 |   149 |   215 |    51 ||   491
       Headbutt          |     8 |    19 |    37 |     8 ||    72
Throw: Stone             |     8 |     8 |       |       ||    16
       Dart              |       |    24 |    18 |     3 ||    45
       Boomerang         |       |       |     7 |       ||     7
Invok: Lunge             |       |     1 |    26 |    15 ||    42
       Whirlwind         |       |       |     9 |    17 ||    26
  Use: Scroll            |     8 |     3 |     8 |     2 ||    21
       Potion            |     2 |       |       |       ||     2
Armor: Scale mail        |    33 |     6 |       |       ||    39
       Ring mail         |       |    44 |    73 |    10 ||   127
Dodge: Dodged            |    44 |    95 |   124 |    52 ||   315
Block: Buckler           |    15 |    35 |    49 |    15 ||   114
